[Event "ARM-ch Rapid 2019"]
[Site "Yerevan"]
[Date "2019.01.22"]
[Round "1.4"]
[White "Vaganian, Rafael A"]
[Black "Ziroyan, David"]
[Result "1/2-1/2"]
[WhiteElo "2546"]
[BlackElo "1957"]
[Annotator "RC"]
[PlyCount "102"]
[EventDate "2019.01.22"]
[EventType "tourn"]
[EventCountry "ARM"]
[TimeControl "40/5400+30:1800+30"]
[WhiteClock "0:00:21"]
[BlackClock "0:06:07"]

1. d4 Nf6 2. c4 c5 3. d5 b5 4. cxb5 a6 5. e3 axb5 6. Bxb5 Bb7 7. Nc3 e6 8. e4 Qa5 9. dxe6 fxe6 10. f3 Be7 11. Nge2 O-O 12. O-O Nc6 13. Kh1 d5 14. exd5 exd5 15. Bg5 Ne5 16. Nf4 d4 17. Qb3+ Kh8 18. Bxf6 Rxf6 19. Ncd5 Rf7 20. Nxe7 Rxe7 21. Rfe1 Qd8 22. a4 Qd6 23. a5 Nxf3 24. gxf3 Rxe1+ 25. Rxe1 Qxf4 26. Be2 Qd2 27. Ra1 Rxa5 28. Rxa5 Qxa5 29. Kg2 Qc7 30. Qe6 Qc8 31. Qe7 h6 32. Qf7 Qg4+ 33. Kh1 Qc8 34. Bc4 Ba8 35. Kg1 Bc6 36. Bd3 Qe8 37. Qf5 Qe1+ 38. Kg2 Qd2+ 39. Kh3 Bd7 40. Qxd7 Qxd3 41. Kg4 Qg6+ 42. Kf4 Qg5+ 43. Ke4 Kh7 44. f4 Qg2+ 45. Ke5 Qe2+ 46. Kd5 d3 47. Qf5+ Kg8 48. Kd6 d2 49. Qc8+ Kf7 50. Qf5+ Kg8 51. Qc8+ Kf7 1/2-1/2

[Event "ARM-ch Rapid 2019"]
[Site "Yerevan"]
[Date "2019.01.22"]
[Round "1.6"]
[White "Martirosyan, Haik M."]
[Black "Torosyan, Norayr"]
[Result "1/2-1/2"]
[WhiteElo "2607"]
[BlackElo "2362"]
[PlyCount "97"]
[EventDate "2019.01.22"]
[EventType "tourn"]
[EventCountry "ARM"]
[TimeControl "40/5400+30:1800+30"]
[WhiteClock "0:00:26"]
[BlackClock "0:03:43"]

1. e4 e5 2. Nf3 Nc6 3. Bc4 Nf6 4. d3 Be7 5. O-O O-O 6. Re1 d6 7. a4 Kh8 8. a5 a6 9. h3 Ng8 10. Nc3 f5 11. Nd5 fxe4 12. dxe4 Nf6 13. b4 Nxd5 14. exd5 Nb8 15. Bd3 Bf5 16. Bxf5 Rxf5 17. c4 Qf8 18. Be3 Nd7 19. Nd2 Bg5 20. Ne4 Bxe3 21. fxe3 Nf6 22. Ng3 Rg5 23. Qf3 Re8 24. Rf1 Qe7 25. e4 Qd7 26. Qe3 Rg6 27. Rf3 c6 28. Raf1 cxd5 29. cxd5 h6 30. Nf5 Rc8 31. Nh4 Rg5 32. Rxf6 gxf6 33. Rxf6 Qg7 34. Qf2 Rc1+ 35. Kh2 Rc2 36. Qf3 Rcxg2+ 37. Nxg2 Rxg2+ 38. Qxg2 Qxf6 39. Qd2 Kh7 40. Qe3 Qg5 41. Qf2 Kg7 42. Qc2 Kg6 43. Qd3 Qf4+ 44. Kg2 Kg5 45. Qe2 h5 46. Qf3 Qxf3+ 47. Kxf3 h4 48. Ke3 Kh5 49. Kf3 1/2-1/2

[Event "ARM-ch Rapid 2019"]
[Site "Yerevan"]
[Date "2019.01.22"]
[Round "1.8"]
[White "Mikaelyan, Arman"]
[Black "Eranyan, Khachatur"]
[Result "1-0"]
[WhiteElo "2474"]
[BlackElo "2141"]
[Annotator "RC"]
[PlyCount "89"]
[EventDate "2019.01.22"]
[EventType "tourn"]
[EventCountry "ARM"]
[TimeControl "40/5400+30:1800+30"]
[WhiteClock "0:00:20"]
[BlackClock "0:04:05"]

1. d4 d5 2. Nf3 Nf6 3. Bf4 c5 4. e3 Nc6 5. Nbd2 cxd4 6. exd4 Bg4 7. c3 e6 8. Qb3 Bd6 9. Bg3 Qe7 10. Bd3 O-O 11. O-O Bxg3 12. hxg3 Rab8 13. Rae1 b5 14. a3 Bh5 15. Ne5 Nxe5 16. dxe5 Nd7 17. Qb4 Qg5 18. Qd4 Bg6 19. Nf3 Qh6 20. Bxg6 Qxg6 21. Qxa7 Nb6 22. Nd4 Nc4 23. Nc6 Rbe8 24. Ne7+ Rxe7 25. Qxe7 Nd2 26. Qb4 Nxf1 27. Rxf1 Qd3 28. Re1 Qd2 29. Re3 Qd1+ 30. Kh2 Rc8 31. Rf3 Qe2 32. Qf4 Rf8 33. b4 h6 34. g4 Qc4 35. Qg3 Ra8 36. g5 hxg5 37. Qxg5 Qe4 38. Rh3 Qg6 39. Qf4 Rxa3 40. Qh4 f6 41. exf6 Kf7 42. Rg3 gxf6 43. Rxg6 Kxg6 44. Qg3+ Kf5 45. Qd3+ 1-0

[Event "ARM-ch Rapid 2019"]
[Site "Yerevan"]
[Date "2019.01.22"]
[Round "2.4"]
[White "Davtyan, David Arm."]
[Black "Ter-Sahakyan, Samvel"]
[Result "1/2-1/2"]
[WhiteElo "2346"]
[BlackElo "2574"]
[PlyCount "215"]
[EventDate "2019.01.22"]
[EventType "tourn"]
[EventCountry "ARM"]
[TimeControl "40/5400+30:1800+30"]
[WhiteClock "0:00:45"]
[BlackClock "0:01:59"]

1. Nf3 d5 2. d4 Nf6 3. g3 g6 4. Bg2 Bg7 5. O-O c6 6. c4 dxc4 7. a4 O-O 8. Nc3 a5 9. e4 Na6 10. Qe2 Nb4 11. Qxc4 b6 12. Rd1 Ba6 13. Qb3 e6 14. Bf4 Rc8 15. Ne5 Nd7 16. Nc4 Bxc4 17. Qxc4 Qe7 18. Qe2 e5 19. dxe5 Nxe5 20. Be3 Qe6 21. Bxb6 c5 22. Bxa5 Nbc6 23. Bb6 Nd4 24. Rxd4 cxd4 25. Bxd4 Qc4 26. Bxe5 Qxe2 27. Nxe2 Bxe5 28. Nc3 Rfd8 29. f4 Bd4+ 30. Kf1 Rb8 31. Ra2 Bc5 32. Nd5 Rb3 33. a5 Kg7 34. a6 Rdb8 35. a7 Ra8 36. Ra5 Bd4 37. Ra4 Bc5 38. Ra5 Bd4 39. Ra4 Bc5 40. Ra5 Rxa7 41. Rxc5 Rxb2 42. Rc1 Raa2 43. Ne3 Rf2+ 44. Kg1 Rfe2 45. Rc3 h5 46. Bf1 Re1 47. h3 Rae2 48. Ng2 Ra1 49. e5 Rd2 50. g4 hxg4 51. hxg4 Rdd1 52. Ne3 Rd4 53. Rc4 Rd2 54. f5 gxf5 55. gxf5 Ra5 56. Re4 Rc5 57. Rg4+ Kf8 58. Rh4 Kg7 59. Rg4+ Kf8 60. Nc4 Ra2 61. f6 Rd5 62. Rh4 Kg8 63. Rg4+ Kf8 64. Rg5 Rd1 65. Ne3 Re1 66. Rh5 Ke8 67. Ng2 Rc1 68. Rh7 Ra5 69. e6 fxe6 70. Re7+ Kf8 71. Nf4 Rg5+ 72. Kh2 Rxf1 73. Nxe6+ Kg8 74. Re8+ Kf7 75. Nxg5+ Kxe8 76. f7+ Kf8 77. Kg3 Kg7 78. Kg4 Kg6 79. Nf3 Kxf7 80. Kf4 Kf6 81. Ke4 Ra1 82. Nd4 Ra5 83. Nf3 Ke6 84. Nd4+ Kd6 85. Nf5+ Kc5 86. Ne3 Ra3 87. Nf5 Ra8 88. Ne3 Rd8 89. Ng4 Rd4+ 90. Kf5 Ra4 91. Nf6 Kd4 92. Ke6 Ra1 93. Kf5 Re1 94. Ng4 Re8 95. Nf6 Re5+ 96. Kf4 Ra5 97. Ng4 Ra8 98. Kf5 Ra1 99. Nf6 Re1 100. Ng4 Rf1+ 101. Ke6 Rf3 102. Nf6 Rf4 103. Nd7 Re4+ 104. Kf5 Re7 105. Nf6 Re5+ 106. Kf4 Re6 107. Kf5 Rxf6+ 108. Kxf6 1/2-1/2

[Event "ARM-ch Rapid 2019"]
[Site "Yerevan"]
[Date "2019.01.22"]
[Round "2.5"]
[White "Yegiazarian, Arsen"]
[Black "Davtyan, Artur"]
[Result "0-1"]
[WhiteElo "2399"]
[BlackElo "2396"]
[PlyCount "82"]
[EventDate "2019.01.22"]
[EventType "tourn"]
[EventCountry "ARM"]
[TimeControl "40/5400+30:1800+30"]
[WhiteClock "0:06:43"]
[BlackClock "0:00:30"]

1. e4 e5 2. Nf3 Nc6 3. Bb5 a6 4. Ba4 Nf6 5. d3 Bc5 6. O-O d6 7. c3 b5 8. Bc2 h6 9. h3 O-O 10. a4 Bb7 11. Nbd2 Bb6 12. Re1 Ne7 13. b4 Ng6 14. Nb3 d5 15. a5 Ba7 16. Be3 dxe4 17. dxe4 Bxe3 18. Rxe3 Qe7 19. Nc5 Bc6 20. Qf1 Nd7 21. Nxd7 Bxd7 22. Ne1 Be6 23. Nd3 Bc4 24. Qe1 Bxd3 25. Bxd3 c5 26. g3 Rfd8 27. Rb1 cxb4 28. Rxb4 Rac8 29. Bc2 Rc5 30. Bb3 Qc7 31. Rf3 Rd7 32. Kg2 Qxa5 33. Bd5 Nf8 34. Qb1 Nh7 35. c4 Nf6 36. cxb5 axb5 37. Rxf6 gxf6 38. Rb3 Qd2 39. Rf3 Rc1 40. Qxb5 Qe1 41. Bxf7+ Rxf7 0-1

[Event "ARM-ch Rapid 2019"]
[Site "Yerevan"]
[Date "2019.01.22"]
[Round "2.6"]
[White "Gaboyan, Susanna"]
[Black "Chibukhchian, Artur"]
[Result "0-1"]
[WhiteElo "2111"]
[BlackElo "2384"]
[PlyCount "62"]
[EventDate "2019.01.22"]
[EventType "tourn"]
[EventCountry "ARM"]
[TimeControl "40/5400+30:1800+30"]
[WhiteClock "0:00:31"]
[BlackClock "0:02:05"]

1. Nf3 d5 2. g3 c5 3. Bg2 Nf6 4. O-O g6 5. d4 cxd4 6. Nxd4 Bg7 7. Nc3 O-O 8. Nb3 e6 9. e4 dxe4 10. Nxe4 Nxe4 11. Bxe4 Qc7 12. Qe2 Nd7 13. c3 Nf6 14. Bg2 e5 15. Bg5 Bg4 16. Qb5 Rab8 17. h3 Bf5 18. Rfe1 h6 19. Be3 b6 20. c4 Bd3 21. Rac1 Rbc8 22. Qb4 Rfd8 23. c5 Qe7 24. Qa4 b5 25. Qa5 Nd5 26. c6 Nxe3 27. Rxe3 e4 28. Nc5 Bd4 29. Rxd3 exd3 30. Nxd3 Qe2 31. Qxb5 Bxf2+ 0-1

[Event "ARM-ch Rapid 2019"]
[Site "Yerevan"]
[Date "2019.01.22"]
[Round "2.9"]
[White "Mkrtchyan, Sargis R."]
[Black "Baghdasaryan, Vahe"]
[Result "1-0"]
[WhiteElo "2199"]
[BlackElo "2354"]
[PlyCount "41"]
[EventDate "2019.01.22"]
[EventType "tourn"]
[EventCountry "ARM"]
[TimeControl "40/5400+30:1800+30"]
[WhiteClock "0:00:33"]
[BlackClock "0:00:29"]

1. d4 d5 2. Nf3 Nf6 3. c4 c6 4. Qc2 g6 5. Bf4 Na6 6. e3 Bf5 7. Qb3 Nb4 8. Qxb4 e5 9. Qxb7 Rb8 10. Qxa7 exf4 11. Ne5 Bd7 12. cxd5 cxd5 13. Nc3 fxe3 14. fxe3 Rxb2 15. Bd3 Bb4 16. O-O Be6 17. Rxf6 Qxf6 18. Rf1 Qe7 19. Qb8+ Qd8 20. Bb5+ Ke7 21. Nc6+ 1-0

[Event "ARM-ch Rapid 2019"]
[Site "Yerevan"]
[Date "2019.01.22"]
[Round "2.10"]
[White "Alaverdyan, Gevorg"]
[Black "Vardanian, Haik V."]
[Result "0-1"]
[WhiteElo "2261"]
[BlackElo "2234"]
[PlyCount "138"]
[EventDate "2019.01.22"]
[EventType "tourn"]
[EventCountry "ARM"]
[TimeControl "40/5400+30:1800+30"]
[WhiteClock "0:01:10"]
[BlackClock "0:00:45"]

1. e4 g6 2. d4 Bg7 3. Nf3 d6 4. Nc3 Bg4 5. Bc4 Bxf3 6. Qxf3 e6 7. Be3 c6 8. O-O-O Nd7 9. h4 h5 10. Qh3 d5 11. Bd3 Qb6 12. e5 Ne7 13. g4 O-O-O 14. Bg5 Bh6 15. Bxh6 Rxh6 16. Qe3 Rdh8 17. g5 R6h7 18. Rh3 Kb8 19. a3 Rc8 20. Rf3 Qa5 21. Rf4 Nf8 22. Kb1 Nf5 23. Qf3 Ka8 24. Ka2 Rh8 25. b4 Qb6 26. Na4 Qd8 27. c4 dxc4 28. Bxc4 Nd7 29. Nc5 Nb6 30. Bb3 Qe7 31. Re4 Rhd8 32. Kb2 Nd5 33. Qh1 Rc7 34. Qf1 Nb6 35. Qd3 Rcc8 36. Qc2 Nd5 37. Qc4 Qc7 38. Rc1 Nb6 39. Qd3 Qe7 40. Rc2 Nd5 41. Kc1 Nc7 42. Bc4 Nb5 43. Bxb5 cxb5 44. Kb2 b6 45. Nb3 Rxc2+ 46. Qxc2 Kb7 47. Re1 Qd7 48. Qd2 Nxh4 49. Rc1 Nf5 50. Qd3 Rc8 51. Rxc8 Kxc8 52. Qc3+ Kb7 53. Qd3 h4 54. Qc3 Qc6 55. Qd3 Qd5 56. Qc3 Qg2 57. Qd3 Qxf2+ 58. Kb1 Qg2 59. Qxb5 Qd5 60. Nc5+ Kc7 61. Qa6 bxc5 62. Qxa7+ Kc8 63. dxc5 Nd4 64. Qa6+ Qb7 65. Qd3 Qh1+ 66. Kb2 Qg2+ 67. Kb1 Qg1+ 68. Kb2 Qf2+ 69. Kc3 Qf3 0-1

[Event "ARM-ch Rapid 2019"]
[Site "Yerevan"]
[Date "2019.01.22"]
[Round "3.1"]
[White "Hayrapetyan, Artavazd R."]
[Black "Hovhannisyan, Robert"]
[Result "0-1"]
[WhiteElo "2374"]
[BlackElo "2637"]
[Annotator "RC"]
[PlyCount "76"]
[EventDate "2019.01.22"]
[EventType "tourn"]
[EventCountry "ARM"]
[TimeControl "40/5400+30:1800+30"]
[WhiteClock "0:03:11"]
[BlackClock "0:00:40"]

1. d4 Nf6 2. c4 e6 3. Nf3 Bb4+ 4. Nbd2 O-O 5. g3 d5 6. Qb3 a5 7. Bg2 dxc4 8. Qxc4 b6 9. Qc2 Bb7 10. O-O c5 11. dxc5 Bxc5 12. Nb3 Nbd7 13. Nxc5 Nxc5 14. Rd1 Qe7 15. Bf4 Be4 16. Qc4 Nd5 17. Be5 Rac8 18. Rac1 Qb7 19. Qd4 Ne7 20. Qe3 f6 21. Bd6 Nf5 22. Qa3 Nxd6 23. Rxd6 Rfd8 24. Rxd8+ Rxd8 25. b4 axb4 26. Qxb4 Qa6 27. Qb2 Na4 28. Qb4 Nc5 29. Bf1 Ba8 30. a4 Rc8 31. Bh3 Qxe2 32. Nd4 Qe4 33. Bxe6+ Kh8 34. f3 Qe3+ 35. Kg2 Rd8 36. Qxb6 Nxe6 37. Qxe6 Bxf3+ 38. Kh3 Qh6# 0-1

[Event "ARM-ch Rapid 2019"]
[Site "Yerevan"]
[Date "2019.01.22"]
[Round "3.2"]
[White "Chibukhchian, Artur"]
[Black "Harutyunyan, Gor"]
[Result "1-0"]
[WhiteElo "2384"]
[BlackElo "1690"]
[PlyCount "61"]
[EventDate "2019.01.22"]
[EventType "tourn"]
[EventCountry "ARM"]
[TimeControl "40/5400+30:1800+30"]
[WhiteClock "0:00:24"]
[BlackClock "0:00:26"]

1. d4 Nf6 2. c4 e5 3. dxe5 Ng4 4. Bf4 Nc6 5. Nf3 Bb4+ 6. Nbd2 Qe7 7. e3 Ngxe5 8. Nxe5 Nxe5 9. Be2 d6 10. O-O Bxd2 11. Qxd2 O-O 12. b4 b6 13. Rac1 Ng6 14. Bg3 Bb7 15. Rfd1 a5 16. c5 dxc5 17. bxc5 Rad8 18. Qb2 Rxd1+ 19. Bxd1 Nh4 20. Bxh4 Qxh4 21. cxb6 Qg5 22. f4 Qe7 23. Rxc7 Qxe3+ 24. Qf2 Qe4 25. Bc2 Qd5 26. Bb3 Qe4 27. h3 Bd5 28. Bxd5 Qxd5 29. b7 g6 30. Qc5 Qd1+ 31. Kh2 1-0

[Event "ARM-ch Rapid 2019"]
[Site "Yerevan"]
[Date "2019.01.22"]
[Round "3.4"]
[White "Vardanian, Haik V."]
[Black "Mkrtchyan, Sargis R."]
[Result "1-0"]
[WhiteElo "2234"]
[BlackElo "2199"]
[PlyCount "83"]
[EventDate "2019.01.22"]
[EventType "tourn"]
[EventCountry "ARM"]
[TimeControl "40/5400+30:1800+30"]
[WhiteClock "0:00:12"]
[BlackClock "0:00:48"]

1. e4 c5 2. c3 Nf6 3. e5 Nd5 4. d4 cxd4 5. Nf3 e6 6. cxd4 d6 7. Bc4 Nc6 8. O-O Be7 9. Qe2 O-O 10. Qe4 Kh8 11. exd6 Qxd6 12. a3 f5 13. Qd3 Bf6 14. Rd1 Bd7 15. Nc3 Nxc3 16. bxc3 Na5 17. Bb5 Rac8 18. Bf4 Qd5 19. Bxd7 Qxd7 20. Re1 Rc6 21. Be5 Rfc8 22. Rac1 Nc4 23. Bxf6 gxf6 24. Nd2 Qd5 25. Nxc4 Rxc4 26. Qe3 Rg8 27. g3 Rc6 28. Qh6 Qd8 29. Re3 Rg6 30. Qf4 Rg4 31. Qf3 Rxd4 32. Rxe6 Rxe6 33. cxd4 Rc6 34. Rd1 Qd7 35. Qf4 Kg7 36. h4 Rc4 37. h5 Qa4 38. Re1 Rxd4 39. Re7+ Kf8 40. Qc7 Qd1+ 41. Kg2 Qxh5 42. Rxh7 1-0

[Event "ARM-ch Rapid 2019"]
[Site "Yerevan"]
[Date "2019.01.22"]
[Round "4.7"]
[White "Pashikian, Arman"]
[Black "Poghosyan, Suren"]
[Result "1-0"]
[WhiteElo "2599"]
[BlackElo "2303"]
[Annotator "RC"]
[PlyCount "155"]
[EventDate "2019.01.22"]
[EventType "tourn"]
[EventCountry "ARM"]
[TimeControl "40/5400+30:1800+30"]
[WhiteClock "0:00:29"]
[BlackClock "0:01:19"]

1. d4 Nf6 2. Nf3 g6 3. c4 c5 4. Nc3 cxd4 5. Nxd4 Bg7 6. e4 d6 7. Be2 O-O 8. O-O Nc6 9. Nc2 a5 10. Be3 a4 11. Na3 Qa5 12. Nab5 Bd7 13. f3 Rfc8 14. Rb1 Ne5 15. b4 axb3 16. axb3 Nc6 17. Qe1 Be6 18. Nd5 Bxd5 19. Qxa5 Rxa5 20. exd5 Ne5 21. Rfc1 h5 22. Bf1 Kh7 23. Re1 Ned7 24. Bf2 Bf8 25. Red1 Bg7 26. Re1 Bf8 27. Red1 Bg7 28. b4 Ra2 29. Rbc1 Rb2 30. c5 Rxb4 31. cxd6 Rxc1 32. Rxc1 exd6 33. Nxd6 Nxd5 34. Nxf7 Bd4 35. Bxd4 Rxd4 36. Nd6 b6 37. Ne4 N5f6 38. Nc3 Nc5 39. Rb1 Rd6 40. Kf2 h4 41. Rb4 g5 42. Be2 Kg6 43. Rb2 Nfd7 44. g3 Ne5 45. Rb1 hxg3+ 46. hxg3 Ned7 47. Ra1 Rd2 48. Ke3 Rc2 49. Nd5 Rb2 50. Nc3 Kf6 51. Rh1 Rb3 52. Kd4 Kg7 53. Rh5 Rb4+ 54. Ke3 Rb3 55. Kd2 Kg6 56. Rh8 Nf6 57. Bd1 Rb4 58. Bc2+ Kf7 59. Rc8 Rd4+ 60. Ke3 Rd6 61. Nb5 Re6+ 62. Kf2 Re7 63. Rc6 Re6 64. Rc7+ Re7 65. Bg6+ Kf8 66. Rc6 Re6 67. Rc8+ Kg7 68. Bf5 Re5 69. Rc7+ Kf8 70. Nd6 Re7 71. Rc6 Ncd7 72. g4 Re5 73. Rc7 Rd5 74. Ne4 Rd4 75. Nxg5 Ke7 76. Rc6 b5 77. Re6+ Kf8 78. Rxf6+ 1-0

[Event "ARM-ch Rapid 2019"]
[Site "Yerevan"]
[Date "2019.01.22"]
[Round "4.9"]
[White "Yegiazarian, Arsen"]
[Black "Vardanyan, Haik A."]
[Result "1-0"]
[WhiteElo "2399"]
[BlackElo "1953"]
[PlyCount "45"]
[EventDate "2019.01.22"]
[EventType "tourn"]
[EventCountry "ARM"]
[TimeControl "40/5400+30:1800+30"]
[WhiteClock "0:05:56"]
[BlackClock "0:07:09"]

1. e4 e6 2. d4 d5 3. Nd2 c5 4. exd5 Qxd5 5. Ngf3 Nf6 6. Bc4 Qd8 7. O-O cxd4 8. Nb3 Be7 9. Nbxd4 O-O 10. Re1 a6 11. Bg5 b5 12. Bb3 Bb7 13. Qe2 Nc6 14. Rad1 Qb6 15. Nxe6 Rfe8 16. Be3 Qa5 17. Neg5 Nd8 18. Ne5 Nd5 19. Rxd5 Bxd5 20. Bxd5 Bxg5 21. Bxg5 Ra7 22. Bxd8 Qxd8 23. Nxf7 1-0

[Event "ARM-ch Rapid 2019"]
[Site "Yerevan"]
[Date "2019.01.22"]
[Round "4.10"]
[White "Hayrapetyan, Arman Ash."]
[Black "Davtyan, Artur"]
[Result "1-0"]
[WhiteElo "2375"]
[BlackElo "2396"]
[PlyCount "127"]
[EventDate "2019.01.22"]
[EventType "tourn"]
[EventCountry "ARM"]
[TimeControl "40/5400+30:1800+30"]
[WhiteClock "0:01:24"]
[BlackClock "0:01:31"]

1. e4 e5 2. Nf3 Nc6 3. Bb5 a6 4. Ba4 Nf6 5. O-O Nxe4 6. d4 b5 7. Bb3 d5 8. dxe5 Be6 9. c3 Bc5 10. Nbd2 O-O 11. Bc2 Nxf2 12. Rxf2 f6 13. exf6 Bxf2+ 14. Kxf2 Qxf6 15. Kg1 Rae8 16. Nf1 Ne5 17. Be3 Nxf3+ 18. Qxf3 Qxf3 19. gxf3 Rxf3 20. Bf2 Bh3 21. Ng3 g6 22. Re1 Ref8 23. Bc5 Rd8 24. Nh1 Bf5 25. Kg2 Rf4 26. Bxf5 Rxf5 27. Nf2 Rg5+ 28. Kf1 Rd7 29. b4 Rh5 30. Ng4 Rf7+ 31. Kg2 Rff5 32. Kg3 Kg7 33. Re6 Rf1 34. Rc6 Rf7 35. Re6 Rf1 36. Rxa6 Rhf5 37. Rc6 R5f3+ 38. Kg2 Rf7 39. Bd4+ Kf8 40. Nf6 Rf5 41. Re6 Rg7 42. h4 h5 43. Rc6 Rf7 44. Kg3 Rg7 45. Nxh5 Rxh5 46. Bxg7+ Kxg7 47. Rxc7+ Kh6 48. Rc5 Re5 49. Kf3 Rf5+ 50. Kg4 Re5 51. Rxb5 Re4+ 52. Kf3 Rxh4 53. Rxd5 Rh3+ 54. Ke4 Rxc3 55. a4 Ra3 56. a5 Ra4 57. Rd4 Kh5 58. Kd5 g5 59. Kc5 g4 60. Rd1 g3 61. Kb5 Ra2 62. Ka6 g2 63. b5 Rf2 64. Rg1 1-0

[Event "ARM-ch Rapid 2019"]
[Site "Yerevan"]
[Date "2019.01.22"]
[Round "5.1"]
[White "Chibukhchian, Artur"]
[Black "Hovhannisyan, Robert"]
[Result "0-1"]
[WhiteElo "2384"]
[BlackElo "2637"]
[PlyCount "88"]
[EventDate "2019.01.22"]
[EventType "tourn"]
[EventCountry "ARM"]
[TimeControl "40/5400+30:1800+30"]
[WhiteClock "0:02:56"]
[BlackClock "0:00:23"]

1. d4 d5 2. c4 c6 3. cxd5 cxd5 4. Nc3 Nf6 5. Nf3 Nc6 6. Bf4 Bf5 7. e3 e6 8. Bd3 Bxd3 9. Qxd3 Be7 10. O-O O-O 11. Rfc1 a6 12. Ne5 Nxe5 13. Bxe5 Nd7 14. Bf4 Nb6 15. Nb1 Rc8 16. Nd2 Qd7 17. Qb3 Rc6 18. Rc3 a5 19. Rac1 a4 20. Qc2 Rfc8 21. Qd3 Bb4 22. Rxc6 Rxc6 23. Rb1 Bxd2 24. Qxd2 Nc4 25. Qd1 Qc8 26. e4 dxe4 27. Qxa4 Nxb2 28. Qb5 Nd3 29. Qxb7 Qxb7 30. Rxb7 h5 31. Be3 Ra6 32. h4 Rxa2 33. Rb5 f5 34. d5 f4 35. dxe6 fxe3 36. Rb8+ Kh7 37. e7 exf2+ 38. Kh2 f1=Q 39. Rh8+ Kxh8 40. e8=Q+ Kh7 41. Qxe4+ Kg8 42. Qe8+ Qf8 43. Qe6+ Qf7 44. Qc8+ Kh7 0-1

[Event "ARM-ch Rapid 2019"]
[Site "Yerevan"]
[Date "2019.01.22"]
[Round "5.2"]
[White "Andriasian, Zaven"]
[Black "Martirosyan, Haik M."]
[Result "1/2-1/2"]
[WhiteElo "2604"]
[BlackElo "2607"]
[Annotator "RC"]
[PlyCount "27"]
[EventDate "2019.01.22"]
[EventType "tourn"]
[EventCountry "ARM"]
[TimeControl "40/5400+30:1800+30"]
[WhiteClock "0:15:39"]
[BlackClock "0:15:24"]

1. c4 c6 2. d4 d5 3. Nc3 Nf6 4. e3 g6 5. Nf3 Bg7 6. Be2 O-O 7. O-O b6 8. b3 Bb7 9. a4 a5 10. cxd5 Nxd5 11. Bb2 c5 12. Rc1 cxd4 13. Nxd4 Nxc3 14. Bxc3 1/2-1/2

[Event "ARM-ch Rapid 2019"]
[Site "Yerevan"]
[Date "2019.01.22"]
[Round "5.4"]
[White "Sargsyan, Shant"]
[Black "Hayrapetyan, Arman Ash."]
[Result "1-0"]
[WhiteElo "2486"]
[BlackElo "2375"]
[PlyCount "51"]
[EventDate "2019.01.22"]
[EventType "tourn"]
[EventCountry "ARM"]
[TimeControl "40/5400+30:1800+30"]
[WhiteClock "0:01:59"]
[BlackClock "0:05:52"]

1. d4 d6 2. e4 e5 3. Nf3 exd4 4. Nxd4 Nf6 5. Nc3 g6 6. Bg5 c6 7. Qd2 h6 8. Bf4 g5 9. Bg3 Nh5 10. O-O-O Bg7 11. Be2 Nxg3 12. hxg3 Qf6 13. f4 a5 14. Nf3 Bg4 15. e5 dxe5 16. Ne4 Qe7 17. Nd6+ Kf8 18. Nxe5 Be6 19. Bh5 Nd7 20. Nexf7 Qf6 21. c3 g4 22. Nxh8 Bxh8 23. Bf7 Nc5 24. Bxe6 Qxe6 25. Rh5 b6 26. Nf5 1-0

[Event "ARM-ch Rapid 2019"]
[Site "Yerevan"]
[Date "2019.01.22"]
[Round "5.5"]
[White "Hakobyan, Aram"]
[Black "Pashikian, Arman"]
[Result "1-0"]
[WhiteElo "2545"]
[BlackElo "2599"]
[Annotator "RC"]
[PlyCount "99"]
[EventDate "2019.01.22"]
[EventType "tourn"]
[EventCountry "ARM"]
[TimeControl "40/5400+30:1800+30"]
[WhiteClock "0:00:21"]
[BlackClock "0:00:42"]

1. e4 e5 2. Nf3 Nc6 3. Bb5 Nf6 4. O-O Nxe4 5. Re1 Nd6 6. Nxe5 Be7 7. Bf1 Nf5 8. Nf3 d5 9. d4 O-O 10. c3 Re8 11. Qb3 a6 12. Bf4 b6 13. Nbd2 Be6 14. Bd3 Bd6 15. Bxf5 Bxf4 16. Bxe6 Rxe6 17. Rxe6 fxe6 18. Re1 Qd6 19. Qd1 e5 20. dxe5 Nxe5 21. g3 Nxf3+ 22. Nxf3 Bh6 23. Re5 Rd8 24. Qe2 g6 25. Re6 Qd7 26. Nd4 Bf8 27. Nc6 Ra8 28. Qg4 Qf7 29. Ne5 Qf5 30. Qxf5 gxf5 31. Rf6 Rd8 32. Nd3 Bg7 33. Rxf5 c5 34. Kf1 c4 35. Nf4 d4 36. cxd4 Rxd4 37. Rg5 Rd2 38. Nh5 Rxb2 39. Rxg7+ Kf8 40. Rc7 b5 41. a4 Rc2 42. axb5 axb5 43. Rb7 Rb2 44. Nf4 b4 45. Nd5 b3 46. Rb4 Rd2 47. Nc3 b2 48. Rxc4 Rc2 49. Rb4 Rxc3 50. Rxb2 1-0

[Event "ARM-ch Rapid 2019"]
[Site "Yerevan"]
[Date "2019.01.22"]
[Round "5.7"]
[White "Vardanian, Haik V."]
[Black "Yegiazarian, Arsen"]
[Result "0-1"]
[WhiteElo "2234"]
[BlackElo "2399"]
[PlyCount "101"]
[EventDate "2019.01.22"]
[EventType "tourn"]
[EventCountry "ARM"]
[TimeControl "40/5400+30:1800+30"]
[WhiteClock "0:00:53"]
[BlackClock "0:00:15"]

1. e4 e5 2. Nf3 Nc6 3. Bb5 a6 4. Ba4 Nf6 5. O-O Be7 6. Re1 b5 7. Bb3 d6 8. c3 O-O 9. h3 Na5 10. Bc2 c5 11. d4 Nd7 12. Nbd2 exd4 13. cxd4 Nc6 14. Nf1 cxd4 15. Nxd4 Nxd4 16. Qxd4 Nc5 17. Rd1 Bb7 18. Ng3 Bf6 19. Qxd6 Qxd6 20. Rxd6 Rac8 21. Bb3 Be5 22. Rd1 Nxb3 23. axb3 Rc2 24. Be3 Rxb2 25. Bd4 Bxd4 26. Rxd4 Rxb3 27. Nf5 g6 28. Nd6 Rd8 29. e5 b4 30. Rc4 Bd5 31. Rc5 Be6 32. Rxa6 Rb1+ 33. Kh2 Rb8 34. Rb5 Rxb5 35. Nxb5 b3 36. Nd6 Re1 37. Rb6 Rxe5 38. Kg3 Kf8 39. Nb5 Rg5+ 40. Kh2 Bd5 41. f3 Re5 42. Nd4 Re3 43. Kg3 Rd3 44. Ne2 Rd2 45. Nc3 Be6 46. Ne4 Rc2 47. Ng5 Bc4 48. Nxh7+ Kg7 49. Nf6 b2 50. Kf4 Ba2 51. Ke4 0-1

[Event "ARM-ch Rapid 2019"]
[Site "Yerevan"]
[Date "2019.01.22"]
[Round "5.8"]
[White "Petrosian, Tigran L."]
[Black "Alaverdyan, Gevorg"]
[Result "0-1"]
[WhiteElo "2598"]
[BlackElo "2261"]
[PlyCount "118"]
[EventDate "2019.01.22"]
[EventType "tourn"]
[EventCountry "ARM"]
[TimeControl "40/5400+30:1800+30"]
[WhiteClock "0:00:52"]
[BlackClock "0:00:14"]

1. Nf3 Nf6 2. g3 g6 3. Bg2 Bg7 4. d3 O-O 5. e4 d6 6. O-O c5 7. h3 Nc6 8. a4 a6 9. Nh4 Bd7 10. f4 b5 11. Nc3 Rb8 12. axb5 axb5 13. Ne2 Ne8 14. Nf3 Qb6 15. Kh1 Nc7 16. f5 Ra8 17. Rb1 b4 18. Bg5 Ra2 19. Qc1 b3 20. c3 Qa6 21. Qd2 Rb8 22. g4 Be8 23. Bh6 Bh8 24. Nf4 Ne5 25. Nxe5 dxe5 26. Nd5 Nxd5 27. exd5 c4 28. dxc4 Qxc4 29. Rbe1 Rd8 30. Re4 Qxd5 31. Qxd5 Rxd5 32. Rb4 Rd8 33. Rxb3 e4 34. Bxe4 Be5 35. Rb7 f6 36. Kg1 g5 37. Bb1 Raa8 38. Rxe7 Rd2 39. Be4 Rad8 40. c4 Bf7 41. b3 Bh2+ 42. Kh1 Bd6 43. Rxf7 Kxf7 44. Bd5+ Ke7 45. Re1+ Kd7 46. Bg7 Rb8 47. Re3 Bf4 48. Rf3 Be5 49. Kg1 Rb6 50. Kf1 Ra6 51. Rf2 Ra1+ 52. Kg2 Rd3 53. Bf3 Rxb3 54. Bf8 Kc7 55. c5 Rbb1 56. Rd2 Rg1+ 57. Kf2 Bg3+ 58. Ke2 Rge1+ 59. Kd3 Ra3+ 0-1

[Event "ARM-ch Rapid 2019"]
[Site "Yerevan"]
[Date "2019.01.22"]
[Round "5.9"]
[White "Minasian, Artashes"]
[Black "Danielyan, Vahe"]
[Result "0-1"]
[WhiteElo "2472"]
[BlackElo "2186"]
[Annotator "RC"]
[PlyCount "105"]
[EventDate "2019.01.22"]
[EventType "tourn"]
[EventCountry "ARM"]
[TimeControl "40/5400+30:1800+30"]
[WhiteClock "0:00:24"]
[BlackClock "0:00:32"]

1. e4 e5 2. Bc4 Nc6 3. Nc3 Nf6 4. d3 Bc5 5. Bg5 h6 6. Bh4 d6 7. Nge2 Be6 8. Bb3 a6 9. Nd5 Bxd5 10. exd5 Na5 11. c3 Nxb3 12. Qxb3 Bb6 13. O-O-O g5 14. Bg3 Qd7 15. d4 e4 16. c4 O-O-O 17. Kb1 Qe7 18. Rhe1 Ba5 19. Rf1 Nd7 20. f4 exf3 21. Qxf3 f5 22. Nc1 f4 23. Bf2 Nf6 24. Nb3 Bb6 25. Rfe1 Qh7+ 26. Kc1 Rhe8 27. Re6 Rxe6 28. dxe6 Qf5 29. d5 g4 30. Qe2 f3 31. gxf3 gxf3 32. Qe1 Ne4 33. Bxb6 cxb6 34. Qe3 f2 35. Rf1 Rg8 36. Nd4 Qg4 37. Kc2 h5 38. b3 Qg2 39. Qe2 Qh3 40. Qxe4 Qxf1 41. e7 Qe1 42. Qf5+ Kb8 43. Qf8+ Ka7 44. e8=Q Qxe8 45. Qxf2 Qe4+ 46. Kc3 Rg2 47. Nc6+ bxc6 48. Qf7+ Kb8 49. Qf8+ Kc7 50. Qf7+ Kd8 51. Qf8+ Qe8 52. Qxd6+ Kc8 53. Kd4 0-1